 Dungeon Crawl Stone Soup version 0.21-a0-221-gfe971b9 (webtiles) character file.

763 Gorglomux the Skirmisher (level 7, -1/66 HPs)
             Began as a Hill Orc Earth Elementalist on Aug 26, 2017.
             Was an Initiate of Okawaru.
             Slain by an ice beast (2 damage)
             ... on level 4 of the Dungeon.
             The game lasted 00:09:01 (5431 turns).

Gorglomux the Skirmisher (HOEE)                     Turns: 5431, Time: 00:09:01

Health: -1/66      AC:  6    Str: 13    XL:     7   Next: 81%
Magic:  7/9        EV: 12    Int: 15    God:    Okawaru [......]
Gold:   174        SH:  0    Dex: 13    Spells: 8/9 levels left

rFire    . . .     SeeInvis .   a - +2 short sword (freeze)
rCold    . . .     Gourm    .   (no shield)
rNeg     . . .     Faith    .   c - +0 robe
rPois    .         Spirit   .   E - +0 helmet
rElec    .         Reflect  .   X - +1 cloak
rCorr    .         Harm     .   (no gloves)
MR       .....     Clarity  +   K - +0 pair of boots
Stlth    ++........             (no amulet)
HPRegen  0.21/turn              (no ring)
MPRegen  0.11/turn              (no ring)

@: very slightly contaminated
A: agile 1, clarity, no potion heal 1
a: Renounce Religion


You were on level 4 of the Dungeon.
You worshipped Okawaru.
Okawaru was noncommittal.
You were hungry.

You visited 2 branches of the dungeon, and saw 6 of its levels.

You collected 174 gold pieces.

Inventory:

Hand Weapons
 a - a +2 short sword of freezing (weapon)
 b - a +0 blowgun
 L - a +0 war axe
Missiles
 q - 130 stones (quivered)
 U - 63 poisoned needles
Armour
 c - a +0 robe (worn)
 E - a +0 helmet (worn)
 K - a +0 pair of boots (worn)
 X - a +1 cloak (worn)
Scrolls
 g - a scroll of enchant weapon {unknown}
 B - 2 scrolls of blinking
 J - a scroll of enchant armour {unknown}
 P - 2 scrolls of remove curse
 R - 2 scrolls of identify
 T - a scroll of teleportation
 W - a scroll of amnesia {unknown}
 Y - a scroll of immolation {unknown}
Potions
 Q - a potion of curing
Books
 e - a book of Geomancy

   Spells                             Type                      Level
   a - Sandblast                      Earth                        1
   b - Passwall                       Transmutation/Earth          2
   c - Stone Arrow                    Conjuration/Earth            3
   d - Petrify                        Transmutation/Earth          4
   e - Lee's Rapid Deconstruction     Earth                        5
Comestibles
 d - 5 bread rations
 z - 2 meat rations
 Z - 2 chunks of flesh


   Skills:
 + Level 7.6 Fighting
 + Level 6.7 Axes
 - Level 1.5 Dodging
 - Level 1.5 Stealth
 - Level 1.5 Spellcasting
   Level 0.6 Transmutations
 - Level 3.0 Earth Magic


You had 8 spell levels left.
You knew the following spells:

 Your Spells              Type           Power        Failure   Level  Hunger
a - Sandblast             Erth           ##....       7%          1    ##.....


Dungeon Overview and Level Annotations

Branches:
Dungeon (5/15)             Temple (1/1) D:5

Altars:
Fedhas
Gozag
Hepliaklqana
Kikubaaqudgha
Okawaru
Qazlal
Ru
Sif Muna
Vehumet
Xom
Zin
The Shining One

Annotations:
D:5 exclusion: door, Crazy Yiuf; George's ghost, novice HOFi


Innate Abilities, Weirdness & Mutations

You are agile. (Dex +2)
You possess an exceptional clarity of mind.
Potions are less effective at restoring your health.


Message History

You are showered with tiny particles of grit!
The ice beast hits you! * * * don't die
* * * The ice beast freezes butt!!! * * * don't die
* * *
There is an open door, spattered with blood here!
There is an butt door here!
There is an open door, spattered with blood here!
There is an open door here!
There is an open door here!
The ice beast barely misses you!
There is an open door here!
There's a creature in the doorway!!!
The ice beast hits you! * * * don't die
* * * The ice beast freezes you!!! * * * don't die
* * * Butt command!
The ice beast hits you! rip

.####### #.........#
.#.....# ##...##...#
.#.....# ####'##...#
.#.....# #.....#...#
.#..)..# #...).#...#
.'.....# #.....#...#
.##...#########.)..#...#
.##...#..#...##..Y.'...#
.............###@###...#
....(........##...##...#
..............#...##...#
............).'...##...#
.###....##...##....#...#
.###([..##...##....#...#
........#....#.....#...#
...)[[..#....#.....#...#
.....)..#....#.....'...#


You could see an ice beast.

Vanquished Creatures
  An ogre (D:4)
  A crimson imp (D:4)
  4 hounds
  A bullfrog skeleton (D:5)
  An orc priest (D:4)
  6 orc wizards (D:4)
  4 worker ants
  3 gnolls (D:4)
  6 adders
  2 oozes
  3 worms
  2 dart slugs (D:1)
  5 leopard geckos
  13 orcs
  A ball python (D:1)
  5 giant cockroaches
  7 goblins
  10 hobgoblins
  6 jackals (D:2)
  3 quokkas
  8 bats
  3 frilled lizards
  8 kobolds
  8 rats
111 creatures vanquished.

Notes
Turn   | Place    | Note
-------+----------+-------------------------------------------
     0 | D:1      | Gorglomux the Hill Orc Earth Elementalist began the quest for the Orb.
     0 | D:1      | Reached XP level 1. HP: 14/14 MP: 3/3
    40 | D:1      | Reached skill level 1 in Fighting
   129 | D:1      | Reached skill level 2 in Fighting
   129 | D:1      | Reached XP level 2. HP: 10/24 MP: 0/4
   603 | D:1      | Reached skill level 3 in Fighting
   603 | D:1      | Reached XP level 3. HP: 29/31 MP: 5/5
   858 | D:2      | Reached skill level 4 in Fighting
   931 | D:2      | Found a sacrificial altar of Ru.
   932 | D:2      | Found a blossoming altar of Fedhas.
  1015 | D:2      | Reached XP level 4. HP: 22/40 MP: 6/6
  1197 | D:2      | Found a glowing silver altar of Zin.
  1206 | D:2      | Reached skill level 1 in Axes
  1541 | D:2      | HP: 2/41 [poisoned by a worker ant]
  1626 | D:2      | Reached XP level 5. HP: 14/47 MP: 3/7
  2101 | D:3      | Reached skill level 3 in Axes
  2599 | D:4      | Reached skill level 5 in Fighting
  2725 | D:4      | Reached XP level 6. HP: 34/56 MP: 8/8
  3162 | D:4      | Gained mutation: You are agile. (Dex +2) [potion of mutation]
  3162 | D:4      | Gained mutation: Potions are less effective at restoring your health. [potion of mutation]
  3162 | D:4      | Gained mutation: You possess an exceptional clarity of mind. [potion of mutation]
  3182 | D:4      | Reached skill level 6 in Fighting
  3745 | D:3      | Reached XP level 7. HP: 42/64 MP: 9/9
  4193 | D:5      | Entered Level 5 of the Dungeon
  4197 | D:5      | Noticed George's ghost (novice HOFi)
  4222 | D:5      | Found a runed door.
  4226 | D:5      | Noticed Crazy Yiuf
  4258 | D:5      | Found a staircase to the Ecumenical Temple.
  4276 | Temple   | Entered the Ecumenical Temple
  4434 | Temple   | Became a worshipper of Warmaster Okawaru
  4498 | D:5      | HP: 3/64 [George's ghost (13)]
  5144 | D:4      | Reached skill level 7 in Fighting
  5144 | D:4      | Reached skill level 6 in Axes
  5377 | D:4      | HP: 3/66 [ice beast (8)]
  5428 | D:4      | HP: 1/66 [ice beast (11)]
  5431 | D:4      | Slain by an ice beast

Vault maps used:
D:1:      eino_arrival_tree_alley
D:2:      gammafunk_temple_overflow_pools, old_standard_altar
D:3:      first_bread
D:5:      old_standard_altar, minmay_temple_entry_glass, fedhas_altar_1,
          uniq_pikel, uniq_crazy_yiuf_cottage, uniq_eustachio, uniq_grinder
Temple:   nicolae_temple_x_marks_the_god

Skill      XL: |  1  2  3  4  5  6  7 |
---------------+----------------------+-----
Fighting       | 2 3 4 5 6 7 |  7.6
Axes           | 2 4 5 6 |  6.7
Dodging        | |  1.5
Stealth        | |  1.5
Spellcasting   | |  1.5
Transmutations | |  0.6
Earth Magic    | |  3.0

Action                   |  1- 3 |  4- 6 |  7- 9 || total
-------------------------+-------+-------+-------++-------
Melee: Dagger            |    22 |       |       ||    22
       Unarmed           |     7 |       |       ||     7
       Short sword       |    74 |   164 |   114 ||   352
 Fire: Blowgun           |       |    29 |     2 ||    31
 Cast: Sandblast         |    12 |    22 |     8 ||    42
  Use: Potion            |       |     8 |     2 ||    10
       Scroll            |       |     2 |     1 ||     3
 Stab: Sleeping          |     2 |     7 |       ||     9
  Eat: Chunk             |     1 |     8 |     6 ||    15
Armor: Robe              |    27 |    42 |    47 ||   116
       Skin              |       |    33 |       ||    33
Dodge: Dodged            |    79 |   117 |    94 ||   290

Table legend:
 A = Spawn XP
 B = Non-spawn XP
 C = Spawn XP percentage of total XP
 D = Spawn monster count
 E = Non-spawn monster count
 F = Spawn count percentage of total count
 G = Total turns spent on level
                    A         B        C        D         E        F      G
               +---------+---------+-------+---------+---------+-------+---------
         Total |     377 |     713 |  34.6 |      32 |      79 |  28.8 |  5431
               +---------+---------+-------+---------+---------+-------+---------
           D:1 |       7 |      31 |  18.4 |       4 |      19 |  17.4 |   643
           D:2 |      23 |     104 |  18.1 |       9 |      23 |  28.1 |  1192
           D:3 |      23 |      30 |  43.4 |       4 |      14 |  22.2 |   881
           D:4 |     324 |     461 |  41.3 |      15 |      20 |  42.9 |  2379
           D:5 |       0 |      87 |   0.0 |       0 |       3 |   0.0 |   173
               +---------+---------+-------+---------+---------+-------+---------
